TOP OF THE 1ST |
Pittsburgh Pirates batting - Pitching for New York Mets : LHP Jose Vega
|
Pitching: LHP Jose Vega
|
|
Batting: SHB Mike Jorgenson
|
0-0: Ball 1-0: Ball 2-0: Foul Ball, location: 2F 2-1: Ground out 4-3 (Groundball, 4, EV 109.4 MPH)
|
Batting: RHB Raul Mendoza
|
0-0: DOUBLE (Groundball, 5L, EV 105.0 MPH)
|
Batting: RHB Eisse Bravenboer
|
0-0: Ball 1-0: Called Strike 1-1: Ball 2-1: Foul Ball, location: 2F 2-2: Foul Ball, location: 2F 2-2: Foul Ball, location: 2F 2-2: Foul Ball, location: 2F 2-2: Fly out, F4 (Flyball, 4D, EV 92.5 MPH)
|
Batting: RHB Mike Cochran
|
0-0: Ground out U3 (Groundball, 34, EV 80.6 MPH)
|
Top of the 1st over - 0 runs, 1 hit, 0 errors, 1 left on base; Pittsburgh 0 - New York 0 |
BOTTOM OF THE 1ST |
New York Mets batting - Pitching for Pittsburgh Pirates : RHP Joreão Zquete
|
Pitching: RHP Joreão Zquete
|
|
Batting: SHB Sean Cook
|
0-0: Ground out 6-3 (Groundball, 6, EV 82.5 MPH)
|
Batting: SHB Nelle van den Berg
|
0-0: Foul Ball, location: 2F 0-1: Ball 1-1: Swinging Strike 1-2: Foul Ball, location: 2F 1-2: Foul Ball, location: 2F 1-2: Ball 2-2: Ball 3-2: SINGLE (Line Drive, 89M, EV 93.1 MPH)
|
Batting: SHB Harry Hoop
|
0-0: Called Strike Nelle van den Berg steals 2nd base 0-1: Ball 1-1: Ball 2-1: Ball 3-1: Swinging Strike 3-2: SINGLE (Groundball, 13S, EV 70.6 MPH) (infield hit) Nelle van den Berg to third
|
Batting: RHB Jeff Jank
|
0-0: Swinging Strike 0-1: Ball Harry Hoop steals 2nd base 1-1: Ball 2-1: Swinging Strike 2-2: Ball 3-2: Ground out 6-3 (Groundball, 6, EV 100.0 MPH) Nelle van den Berg scores
|
Batting: SHB Gus Berry
|
0-0: Ball 1-0: Ball 2-0: Swinging Strike 2-1: Foul Ball, location: 2F 2-2: 2-RUN HOME RUN (Flyball, 9D, EV 95.0 MPH), Distance : 364 ft
|
Batting: RHB Melchor Sovrivilla
|
0-0: Foul Ball, location: 2F 0-1: Swinging Strike 0-2: Ground out 3-1 (Groundball, 34S, EV 90.6 MPH)
|
Bottom of the 1st over - 3 runs, 3 hits, 0 errors, 0 left on base; Pittsburgh 0 - New York 3 |
TOP OF THE 2ND |
Pittsburgh Pirates batting - Pitching for New York Mets : LHP Jose Vega
|
Batting: LHB Pat Sutton
|
0-0: Ball 1-0: Swinging Strike 1-1: Called Strike 1-2: Strikes out looking
|
Batting: RHB Kirk Seiffert
|
0-0: Ball 1-0: Ground out 5-3 (Groundball, 56, EV 84.4 MPH)
|
Batting: RHB Mike Thornton
|
0-0: Called Strike 0-1: Foul Ball, location: 2F 0-2: Ball 1-2: SINGLE (Line Drive, 9S, EV 102.5 MPH)
|
Batting: RHB Lupe Covarrubias
|
0-0: Ball 1-0: Ball 2-0: Foul Ball, location: 2F 2-1: Foul Ball, location: 2F 2-2: Foul Ball, location: 2F 2-2: Ball 3-2: Strikes out swinging
|
Top of the 2nd over - 0 runs, 1 hit, 0 errors, 1 left on base; Pittsburgh 0 - New York 3 |
BOTTOM OF THE 2ND |
New York Mets batting - Pitching for Pittsburgh Pirates : RHP Joreão Zquete
|
Batting: SHB Johnny Diaz
|
0-0: Called Strike 0-1: Ball 1-1: Swinging Strike 1-2: SINGLE (Groundball, 4D, EV 99.4 MPH)
|
Batting: SHB Javy Rosa
|
0-0: Ball 1-0: Grounds into double play, 6-4-3 (Groundball, 6, EV 81.9 MPH)
|
Batting: LHB Timo Gomez
|
0-0: Ground out 4-3 (Groundball, 34D, EV 106.9 MPH)
|
Bottom of the 2nd over - 0 runs, 1 hit, 0 errors, 0 left on base; Pittsburgh 0 - New York 3 |
TOP OF THE 3RD |
Pittsburgh Pirates batting - Pitching for New York Mets : LHP Jose Vega
|
Batting: RHB David Contreras
|
0-0: Called Strike 0-1: Ball 1-1: Ball 2-1: Swinging Strike 2-2: Fly out, F8 (Line Drive, 8RD, EV 92.5 MPH)
|
Batting: SHB Mike Jorgenson
|
0-0: Called Strike 0-1: Ball 1-1: Ball 2-1: Ball 3-1: Base on Balls
|
Batting: RHB Raul Mendoza
|
0-0: Grounds into double play, 5-4-3 (Groundball, 5L, EV 86.3 MPH)
|
Top of the 3rd over - 0 runs, 0 hits, 0 errors, 0 left on base; Pittsburgh 0 - New York 3 |
BOTTOM OF THE 3RD |
New York Mets batting - Pitching for Pittsburgh Pirates : RHP Joreão Zquete
|
Batting: SHB Sean Cook
|
0-0: Ball 1-0: Called Strike 1-1: Foul Ball, location: 2F 1-2: Ball 2-2: DOUBLE (Flyball, 8LXD, EV 91.9 MPH)
|
Batting: SHB Nelle van den Berg
|
0-0: Ball 1-0: Ball 2-0: DOUBLE (Groundball, 5L, EV 94.4 MPH) Sean Cook scores
|
Batting: SHB Harry Hoop
|
0-0: Called Strike 0-1: Called Strike 0-2: Ground out 4-3 (Groundball, 34D, EV 89.4 MPH) Nelle van den Berg to third
|
Batting: RHB Jeff Jank
|
0-0: Ball 1-0: Called Strike 1-1: Ball 2-1: Ground out 6-3 (Groundball, 6, EV 95.0 MPH) Nelle van den Berg scores
|
Batting: SHB Gus Berry
|
0-0: Foul Ball, location: 2F 0-1: Ball 1-1: Called Strike 1-2: Ground out U3 (Groundball, 3, EV 78.1 MPH)
|
Bottom of the 3rd over - 2 runs, 2 hits, 0 errors, 0 left on base; Pittsburgh 0 - New York 5 |
TOP OF THE 4TH |
Pittsburgh Pirates batting - Pitching for New York Mets : LHP Jose Vega
|
Batting: RHB Eisse Bravenboer
|
0-0: Called Strike 0-1: Called Strike 0-2: Foul Ball, location: 2F 0-2: Ball 1-2: Ball 2-2: Ball 3-2: Base on Balls
|
Batting: RHB Mike Cochran
|
0-0: Called Strike 0-1: Ball 1-1: Fly out, F9 (Flyball, 9LD, EV 85.6 MPH)
|
Batting: LHB Pat Sutton
|
0-0: Called Strike 0-1: Foul Ball, location: 2F 0-2: Ball 1-2: Strikes out swinging
|
Pitching: RHP Justin Howard
|
|
Batting: RHB Kirk Seiffert
|
0-0: Called Strike Eisse Bravenboer steals 2nd base 0-1: Ball 1-1: DOUBLE (Line Drive, 9LM, EV 107.5 MPH) Eisse Bravenboer scores
|
Batting: RHB Mike Thornton
|
0-0: Foul Ball, location: 2F 0-1: Ball 1-1: Foul Ball, location: 2F 1-2: Ball 2-2: Foul Ball, location: 2F 2-2: Ball 3-2: Foul Ball, location: 2F 3-2: Strikes out swinging
|
Top of the 4th over - 1 run, 1 hit, 0 errors, 1 left on base; Pittsburgh 1 - New York 5 |
BOTTOM OF THE 4TH |
New York Mets batting - Pitching for Pittsburgh Pirates : RHP Joreão Zquete
|
Batting: RHB Melchor Sovrivilla
|
0-0: Called Strike 0-1: Ball 1-1: Ball 2-1: Ball 3-1: Base on Balls
|
Pitching: RHP Isaburo Ishihara
|
|
Batting: SHB Johnny Diaz
|
0-0: Ball 1-0: Swinging Strike 1-1: Foul Ball, location: 2F 1-2: Strikes out swinging
|
Batting: SHB Javy Rosa
|
0-0: Called Strike 0-1: Ball 1-1: Ball 2-1: Foul Ball, location: 2F 2-2: Strikes out swinging
|
Batting: LHB Timo Gomez
|
0-0: Called Strike 0-1: Ball 1-1: Foul Ball, location: 2F 1-2: Strikes out swinging
|
Bottom of the 4th over - 0 runs, 0 hits, 0 errors, 1 left on base; Pittsburgh 1 - New York 5 |
TOP OF THE 5TH |
Pittsburgh Pirates batting - Pitching for New York Mets : RHP Justin Howard
|
Batting: RHB Lupe Covarrubias
|
0-0: Called Strike 0-1: SINGLE (Line Drive, 6D, EV 98.1 MPH)
|
Batting: RHB David Contreras
|
0-0: Ball 1-0: Grounds into double play, 5-4-3 (Groundball, 5, EV 102.5 MPH)
|
Batting: SHB Mike Jorgenson
|
0-0: Ball 1-0: DOUBLE (Flyball, 7LM, EV 96.9 MPH)
|
Batting: RHB Raul Mendoza
|
0-0: Ball 1-0: Called Strike 1-1: Foul Ball, location: 2F 1-2: 2-RUN HOME RUN (Flyball, 78XD, EV 116.3 MPH), Distance : 457 ft
|
Batting: RHB Eisse Bravenboer
|
0-0: Swinging Strike 0-1: SINGLE (Line Drive, 8LS, EV 90.0 MPH)
|
Batting: RHB Mike Cochran
|
0-0: Ball 1-0: Called Strike Eisse Bravenboer steals 2nd base 1-1: Foul Ball, location: 2F 1-2: Ground out 6-3 (Groundball, 4MD, EV 109.4 MPH)
|
Top of the 5th over - 2 runs, 4 hits, 0 errors, 1 left on base; Pittsburgh 3 - New York 5 |
BOTTOM OF THE 5TH |
New York Mets batting - Pitching for Pittsburgh Pirates : RHP Isaburo Ishihara
|
Batting: SHB Sean Cook
|
0-0: Ground out 4-3 (Groundball, 4, EV 106.9 MPH)
|
Batting: SHB Nelle van den Berg
|
0-0: Foul Ball, location: 2F 0-1: Fly out, F9 (Flyball, 9D, EV 90.0 MPH)
|
Batting: SHB Harry Hoop
|
0-0: Ball 1-0: Ball 2-0: SINGLE (Line Drive, 78M, EV 94.4 MPH)
|
Batting: RHB Jeff Jank
|
0-0: Ball 1-0: Foul Ball, location: 2F 1-1: Ball 2-1: SINGLE (Groundball, 56D, EV 97.5 MPH) Harry Hoop to second
|
Batting: SHB Gus Berry
|
0-0: Called Strike 0-1: Called Strike 0-2: Strikes out swinging
|
Bottom of the 5th over - 0 runs, 2 hits, 0 errors, 2 left on base; Pittsburgh 3 - New York 5 |
TOP OF THE 6TH |
Pittsburgh Pirates batting - Pitching for New York Mets : RHP Justin Howard
|
Batting: LHB Pat Sutton
|
0-0: Called Strike 0-1: Foul Ball, location: 2F 0-2: Ball 1-2: Strikes out swinging
|
Batting: RHB Kirk Seiffert
|
0-0: Ground out 5-3 (Groundball, 5, EV 81.9 MPH)
|
Batting: RHB Mike Thornton
|
0-0: Foul Ball, location: 2F 0-1: Foul Ball, location: 2F 0-2: Ball 1-2: Ball 2-2: Ball 3-2: Foul Ball, location: 2F 3-2: Foul Ball, location: 2F 3-2: Foul Ball, location: 2F 3-2: Base on Balls
|
Batting: RHB Lupe Covarrubias
|
Pickoff Throw to First - Error! E1 Mike Thornton to second 0-0: Called Strike 0-1: Swinging Strike 0-2: Ball 1-2: Strikes out swinging
|
Top of the 6th over - 0 runs, 0 hits, 1 error, 1 left on base; Pittsburgh 3 - New York 5 |
BOTTOM OF THE 6TH |
New York Mets batting - Pitching for Pittsburgh Pirates : RHP Isaburo Ishihara
|
Batting: RHB Melchor Sovrivilla
|
0-0: Ball 1-0: Ball 2-0: Ball 3-0: Fly out, F7 (Line Drive, 7, EV 108.8 MPH)
|
Batting: SHB Johnny Diaz
|
0-0: Swinging Strike 0-1: Ball 1-1: Ball 2-1: Hit by Pitch
|
Batting: SHB Javy Rosa
|
0-0: Called Strike 0-1: Called Strike 0-2: Ball 1-2: Fly out, F9 (Flyball, 89S, EV 95.0 MPH)
|
Batting: LHB Timo Gomez
|
0-0: Called Strike 0-1: Foul Ball, location: 2F 0-2: Strikes out looking
|
Bottom of the 6th over - 0 runs, 0 hits, 0 errors, 1 left on base; Pittsburgh 3 - New York 5 |
TOP OF THE 7TH |
Pittsburgh Pirates batting - Pitching for New York Mets : RHP Justin Howard
|
Pitching: LHP Sam Schrecengost
|
|
Batting: RHB David Contreras
|
0-0: Foul Ball, location: 2F 0-1: Foul Ball, location: 2F 0-2: Strikes out looking
|
Pinch Hitting: SHB Marvin McAleer
|
0-0: SINGLE (Line Drive, 4D, EV 98.8 MPH)
|
Pinch Hitting: RHB Steve Jordan
|
0-0: Ball 1-0: Foul Ball, location: 2F 1-1: Fielders Choice at 2nd, 1-4 (Groundball, P, EV 65.0 MPH)
|
Pinch Hitting: RHB Pedro Nin
|
0-0: Called Strike 0-1: Foul Ball, location: 2F 0-2: Ball Steve Jordan is caught stealing 2nd base 2-4
|
Top of the 7th over - 0 runs, 1 hit, 0 errors, 0 left on base; Pittsburgh 3 - New York 5 |
BOTTOM OF THE 7TH |
New York Mets batting - Pitching for Pittsburgh Pirates : RHP Isaburo Ishihara
|
Pitching: RHP Chad Mangum
|
|
Now at 2B: Pedro Nin
|
|
Now in CF: Marvin McAleer
|
|
Now in RF: Steve Jordan
|
|
Batting: LHB Bill Armijo
|
0-0: Called Strike 0-1: Ball 1-1: Fly out, F6 (Popup, 56D, EV 67.5 MPH)
|
Pinch Hitting: SHB Scott Scott
|
0-0: Ball 1-0: Ball 2-0: Called Strike 2-1: Ball 3-1: Swinging Strike 3-2: Foul Ball, location: 2F 3-2: Foul Ball, location: 2F 3-2: Base on Balls
|
Batting: SHB Harry Hoop
|
0-0: Ball 1-0: Fly out, F8 (Line Drive, 8LM, EV 90.0 MPH)
|
Batting: RHB Jeff Jank
|
0-0: Ball 1-0: Foul Ball, location: 2F 1-1: Ball 2-1: Called Strike 2-2: Foul Ball, location: 2F 2-2: Foul Ball, location: 2F 2-2: DOUBLE (Flyball, 78D, EV 105.0 MPH) Scott Scott to third Scott Scott scores
|
Pinch Hitting: SHB Kaname Fujimoto
|
0-0: Foul Ball, location: 2F 0-1: Ball 1-1: Called Strike 1-2: Foul Ball, location: 2F 1-2: Foul Ball, location: 2F 1-2: Strikes out looking
|
Bottom of the 7th over - 1 run, 1 hit, 0 errors, 1 left on base; Pittsburgh 3 - New York 6 |
TOP OF THE 8TH |
Pittsburgh Pirates batting - Pitching for New York Mets : LHP Sam Schrecengost
|
Pitching: LHP Xu-gang Zhou
|
|
Now at SS: Scott Scott
|
|
Now in CF: Timo Gomez
|
|
Now in RF: Kaname Fujimoto
|
|
Batting: RHB Pedro Nin
|
0-0: Called Strike 0-1: Ball 1-1: Ball 2-1: Foul Ball, location: 2F 2-2: SINGLE (Groundball, P, EV 77.5 MPH) (infield hit)
|
Pinch Hitting: RHB Mike Bates
|
0-0: Ball 1-0: Called Strike 1-1: Ball 2-1: Ball 3-1: Foul Ball, location: 2F 3-2: Strikes out swinging
|
Pinch Hitting: LHB Theodore Conboy
|
0-0: Ball 1-0: Fly out, F8 (Flyball, 78M, EV 87.5 MPH)
|
Pinch Hitting: RHB Tommie Eaton
|
0-0: Ball 1-0: Swinging Strike 1-1: Foul Ball, location: 2F 1-2: Ball 2-2: Ball 3-2: SINGLE (Line Drive, 8LS, EV 101.9 MPH) Pedro Nin to second Pedro Nin to third
|
Batting: RHB Andrew Robinson
|
0-0: Ball 1-0: Called Strike 1-1: Swinging Strike 1-2: DOUBLE (Flyball, 8RXD, EV 98.8 MPH) Pedro Nin scores Tommie Eaton to third Runner from 3rd tries for Home, SAFE, throw by CF to home
|
Pinch Hitting: RHB Toshimi Shishido
|
0-0: Ball 1-0: Ball 2-0: Ball 3-0: Called Strike 3-1: Called Strike 3-2: Ground out 5-3 (Groundball, 56S, EV 62.5 MPH)
|
Top of the 8th over - 2 runs, 3 hits, 0 errors, 1 left on base; Pittsburgh 5 - New York 6 |
BOTTOM OF THE 8TH |
New York Mets batting - Pitching for Pittsburgh Pirates : RHP Chad Mangum
|
Now at C: Toshimi Shishido
|
|
Now at 1B: Mike Bates
|
|
Now at 3B: Tommie Eaton
|
|
Now in LF: Theodore Conboy
|
|
Pinch Hitting: SHB Tomas Caldera
|
0-0: Ball 1-0: Ball 2-0: Ball 3-0: Base on Balls
|
Pinch Hitting: RHB Steven Romanovsky
|
0-0: Bunted foul 0-1: Ball 1-1: Called Strike Tomas Caldera steals 2nd base 1-2: Ball 2-2: SINGLE (Line Drive, 34, EV 107.5 MPH) Tomas Caldera to third Runner from 3rd tries for Home, SAFE, throw by RF to home
|
Batting: SHB Javy Rosa
|
0-0: Ball 1-0: Swinging Strike 1-1: DOUBLE (Line Drive, 89D, EV 108.8 MPH) Steven Romanovsky to third Runner from 3rd tries for Home, SAFE, no throw by RF
|
Pitching: LHP Tim Wichman
|
|
Batting: LHB Timo Gomez
|
0-0: Ball 1-0: Ground out U3 (Groundball, 3L, EV 111.9 MPH) Javy Rosa to third
|
Batting: LHB Bill Armijo
|
0-0: Called Strike Steal of home, Javy Rosa is out 0-1: Ball 1-1: Fly out, F8 (Flyball, 78M, EV 87.5 MPH)
|
Bottom of the 8th over - 2 runs, 2 hits, 0 errors, 0 left on base; Pittsburgh 5 - New York 8 |
TOP OF THE 9TH |
Pittsburgh Pirates batting - Pitching for New York Mets : LHP Xu-gang Zhou
|
Pitching: RHP Victor Morin
|
|
Now at 1B: Steven Romanovsky
|
|
Now at 3B: Tomas Caldera
|
|
Batting: RHB David Contreras
|
0-0: Called Strike 0-1: Foul Ball, location: 2F 0-2: Ball 1-2: Strikes out looking
|
Batting: SHB Marvin McAleer
|
0-0: Ground out 6-3 (Groundball, 6S, EV 89.4 MPH)
|
Batting: RHB Steve Jordan
|
0-0: Foul Ball, location: 2F 0-1: Ball 1-1: Foul Ball, location: 2F 1-2: Ball 2-2: Foul Ball, location: 2F 2-2: Ball 3-2: Base on Balls
|
Batting: RHB Pedro Nin
|
0-0: Ball 1-0: Ball 2-0: Ball 3-0: Called Strike 3-1: Foul Ball, location: 2F 3-2: Base on Balls Steve Jordan to second
|
Batting: RHB Mike Bates
|
0-0: Called Strike 0-1: Swinging Strike 0-2: Foul Ball, location: 2F 0-2: Foul Ball, location: 2F 0-2: Ball 1-2: Foul Ball, location: 2F 1-2: Ball 2-2: Hit by Pitch Steve Jordan to third Pedro Nin to second
|
Batting: LHB Theodore Conboy
|
0-0: Ball 1-0: Fielders Choice at 2nd, 5-4 (Groundball, 56, EV 98.8 MPH)
|
Top of the 9th over - 0 runs, 0 hits, 0 errors, 3 left on base; Pittsburgh 5 - New York 8 |
|